 Dungeon Crawl Stone Soup version 0.27.1-3-gb3d3a73c9e (webtiles) character file.

Game seed: 6861464222604222220

1089 horus123 the Conjurer (level 8, -1/43 HPs)
             Began as a Deep Elf Conjurer on Oct 29, 2021.
             Slain by an orc warrior (6 damage)
             ... on level 5 of the Dungeon.
             The game lasted 00:18:00 (5508 turns).

horus123 the Conjurer (Deep Elf Conjurer)           Turns: 5508, Time: 00:18:00

Health: -1/43      AC:  3    Str:  4    XL:     8   Next: 9%
Magic:  6/20       EV: 13    Int: 26    God:
Gold:   34         SH:  0    Dex: 13    Spells: 5/20 levels left

rFire    . . .     SeeInvis .   q - +2 long sword (vamp)
rCold    . . .     Faith    .   (no shield)
rNeg     . . .     Spirit   .   a - +0 robe
rPois    .         Reflect  .   (no helmet)
rElec    .         Harm     .   (no cloak)
rCorr    +         Rampage  .   i - +0 pair of gloves
Will     .....                  (no boots)
Stlth    ++........             m - amulet of magic regeneration
HPRegen  0.14/turn              l - ring of resist corrosion
MPRegen  0.42/turn              (no ring)

@: no status effects
A: no striking features
a: no special abilities


You were on level 5 of the Dungeon.
You visited 1 branch of the dungeon, and saw 5 of its levels.

You collected 177 gold pieces.
You spent 143 gold pieces at shops.

Inventory:

Hand Weapons
 e - a +0 rapier
 q - a +2 vampiric long sword (weapon)
Missiles
 p - 3 throwing nets
Armour
 a - a +0 robe (worn)
 i - a +0 pair of gloves (worn)
Jewellery
 l - a ring of resist corrosion (left hand)
 m - an amulet of magic regeneration (around neck)
Scrolls
 j - 3 scrolls of teleportation
 n - 2 scrolls of magic mapping
 o - a scroll of fog {unknown}
 r - 2 scrolls of identify {unknown}
 s - a scroll of torment {unknown}
Potions
 b - 2 potions of attraction {unknown}
 c - a potion of lignification {unknown}
 d - 2 potions of invisibility {unknown}
 f - a potion of haste {unknown}
 g - a potion of curing {unknown}
 h - a potion of degeneration {unknown}
 k - a potion of cancellation {unknown}


   Skills:
 + Level 1.2 Fighting
 * Level 3.6 Long Blades
 - Level 3.3 Dodging
 - Level 3.5 Stealth
 - Level 6.7 Spellcasting
 - Level 7.1 Conjurations
 - Level 4.3 Hexes


You had 5 spell levels left.
You knew the following spells:

 Your Spells              Type           Power      Damage    Failure   Level
a - Magic Dart            Conj           100%       1d8       1%          1
b - Searing Ray           Conj           90%        3d6       1%          2
c - Slow                  Hex            31%        N/A       1%          2
d - Confusing Touch       Hex            31%        N/A       3%          3
e - Fulminant Prism       Conj/Hex       19%        3d11      6%          4
f - Dazzling Flash        Conj/Hex       76%        N/A       1%          3

Your spell library contained the following spells:

 Spells                   Type           Power      Damage    Failure   Level
 Cause Fear               Hex            15%        N/A       11%         4
 Iskenderun's Mystic Bla  Conj/Tloc      27%        2d7       16%         4
 Frozen Ramparts          Ice            16%        1d3       19%         3
 Vampiric Draining        Necr           4%         2d6       19%         3
 Ice Form                 Ice/Tmut       8%         N/A       54%         4
 Summon Ice Beast         Ice/Summ       8%         N/A       54%         4
 Dragon Form              Tmut           4%         N/A       100%        7
 Dragon's Call            Summ           4%         N/A       100%        9


Dungeon Overview and Level Annotations

Branches:
Dungeon (5/15)
 Temple: D:4-7

Altars:

Shops:
D:4 (


Message History

Aiming: Searing Ray (safe; 1% risk of failure)
Press: ? - help, Shift-Dir - straight line, f/p - bullfrog zombie
Aim: a bullfrog zombie (almost destroyed, 89% to hit)
The searing ray hits the water moccasin!
The water moccasin is almost dead.
The searing ray hits the bullfrog zombie!
You destroy the bullfrog zombie!
The searing ray hits the orc priest!
You kill the orc priest! (Press . to maintain the ray.)
The water moccasin bites you.
The orc warrior hits you from afar with a +0 trident!
Your Fighting skill increases to level 1!
Your Long Blades skill increases to level 3!
The searing ray hits the water moccasin!
You kill the water moccasin!
The orc warrior throws a boomerang of dispersal.
The boomerang of dispersal barely misses you.
You have reached level 8!
You feel clever.
Casting: Searing Ray (safe; 1% risk of failure)
Confirm with . or Enter, or press ? or * to list all spells.
Restarting spell: Searing Ray (safe; 1% risk of failure)
Press: ? - help, Shift-Dir - straight line, f - orc warrior
Aim: an orc warrior, wielding a +0 trident, wearing a +0 chain mail and quivering boomerangs of dispersal (heavily wounded, 80% to hit)
The searing ray misses the orc warrior. (Press . to maintain the ray.)
The orc warrior hits you from afar with a +0 trident!
The searing ray misses the orc warrior.
The orc warrior throws a boomerang of dispersal.
The boomerang of dispersal misses you.
The searing ray hits the orc warrior.
The orc warrior is heavily wounded.
The orc warrior hits you from afar with a +0 trident!
* * * LOW HITPOINT WARNING * * *
The searing ray hits the orc warrior!
The orc warrior is almost dead.
You finish channeling your searing ray.
The orc warrior hits you from afar with a +0 trident.
You die...

. ##### ##### ..
##...### ###....#
...####......###.......
.................[.....
.)...o.........>...#
....)..@...###....##
..........## ##...# #.
###."....## ##..# #.
###....# #..# #. ##...#
#..# #. #..## ##.# #.
#..# #.## #. #..# #..#
#. ... #..####.


You could see an orc warrior.

Vanquished Creatures
  A water moccasin (D:5)
  An ogre (D:3)
  A scorpion (D:4)
  A howler monkey (D:3)
  A bullfrog zombie (D:5)
  5 hounds
  A jelly (D:4)
  A gnoll shaman (D:3)
  2 orc priests
  5 orc wizards
  Natasha (thrice) (D:2)
  A hound skeleton (D:4)
  14 gnolls (D:3)
  4 adders
  A worm (D:4)
  A dart slug (D:5)
  21 orcs
  7 ball pythons
  9 endoplasms
  2 giant cockroaches
  6 goblins
  6 hobgoblins
  14 jackals
  3 quokkas
  7 bats
  2 frilled lizards (D:1)
  4 rats
124 creatures vanquished.

Vanquished Creatures (others)
  5 fulminant prisms
  7 plants
12 creatures vanquished.

Grand Total: 136 creatures vanquished

Notes
Turn   | Place    | Note
-------+----------+-------------------------------------------
     0 | D:1      | horus123 the Deep Elf Conjurer began the quest for the Orb.
     0 | D:1      | Reached XP level 1. HP: 10/10 MP: 6/6
   332 | D:1      | Reached XP level 2. HP: 15/15 MP: 5/8
   335 | D:1      | Learned a level 2 spell: Searing Ray
   488 | D:1      | Learned a level 2 spell: Slow
   506 | D:1      | You fall into a shaft and drop 1 floor!
   570 | D:2      | Reached skill level 5 in Conjurations
   807 | D:2      | Reached skill level 1 in Hexes
   807 | D:2      | Reached XP level 3. HP: 19/19 MP: 4/9
   898 | D:2      | Learned a level 3 spell: Confusing Touch
  1026 | D:2      | Noticed Natasha
  1031 | D:2      | Killed Natasha
  1032 | D:2      | Reached XP level 4. HP: 15/24 MP: 2/11
  1345 | D:2      | Noticed Natasha
  1349 | D:2      | Killed Natasha
  1741 | D:2      | Noticed Natasha
  1748 | D:2      | Killed Natasha
  1749 | D:2      | Reached skill level 6 in Conjurations
  1749 | D:2      | Reached XP level 5. HP: 28/28 MP: 5/12
  3118 | D:3      | Learned a level 4 spell: Fulminant Prism
  3508 | D:3      | Reached XP level 6. HP: 32/32 MP: 11/14
  3572 | D:3      | Reached skill level 5 in Spellcasting
  3709 | D:3      | Learned a level 3 spell: Dazzling Flash
  3823 | D:3      | Reached XP level 7. HP: 36/36 MP: 14/17
  4105 | D:3      | Reached skill level 7 in Conjurations
  4403 | D:4      | Found Yphocwuh's Antique Weapon Shop.
  4431 | D:4      | Bought a glowing long sword for 143 gold pieces
  4690 | D:4      | Reached skill level 1 in Long Blades
  5415 | D:5      | Entered Level 5 of the Dungeon
  5504 | D:5      | Reached skill level 1 in Fighting
  5505 | D:5      | Reached XP level 8. HP: 33/43 MP: 9/20
  5508 | D:5      | Slain by an orc warrior

Illustrated notes

Levels and vault maps discovered:
D:1:      lightli_arrival_flooded_house, layout_loops_ring
D:2:      layout_basic, minivault_27, serial_bayou_lagoon_b, uniq_natasha
D:3:      lemuel_castle_with_subvaults [lemuel_castle_interior_carwin_3],
          layout_loops_corners
D:4:      layout_cave_pods, serial_shops, shop_statue
D:5:      layout_layer_cave, ashenzari_conservatory_becter,
          lightli_sewer_entry_pipes

Skill      XL: |  1  2  3  4  5  6  7 |
---------------+----------------------+-----
Conjurations   | 5 6 7 |  7.1
Hexes          | 1 2 3 4 |  4.3
Stealth        | 3 |  3.5
Spellcasting   | 4 5 6 |  6.7
Dodging        | 3 |  3.3
Long Blades    | 3 |  3.6
Fighting       | 1 |  1.2

Action                   |  1- 3 |  4- 6 |  7- 9 || total
-------------------------+-------+-------+-------++-------
Melee: Rapier            |     6 |     4 |     5 ||    15
       Long sword        |       |       |    21 ||    21
 Cast: Magic Dart        |    34 |   103 |    96 ||   233
       Slow              |     5 |     3 |     3 ||    11
       Searing Ray       |     5 |    10 |     8 ||    23
       Fulminant Prism   |       |     2 |     3 ||     5
       Confusing Touch   |       |     1 |     2 ||     3
       Dazzling Flash    |       |       |     2 ||     2
  Use: Scroll            |       |     1 |     1 ||     2
 Stab: Confused          |       |       |     1 ||     1
Armor: Robe              |     9 |     4 |     9 ||    22
Dodge: Dodged            |    12 |     5 |    33 ||    50
       Rpst.: Long sword |       |       |     6 ||     6
